Map: Eternal Empire LE

Players

antagomiR - Winner!

  • Race: Protoss Protoss
  • League: Gold
  • Spawn Location: 7:00

LawfulVr

  • Race: Protoss Protoss
  • Spawn Location: 1:00

VOD

Have the link to the VOD?

Description

Time

  • Played on: April 16, 2020, 4:33 p.m.
  • Length: 16:17
Show
View Real Time Build Order
Export as new Build Order

antagomiR Protoss - Winner!

Build Orders:  

Get SALT Encoding   

  12  0:01  Probe  
  13  0:13  Probe  
  14  0:19  Pylon  
  14  0:25  Probe  
  15  0:39  Gateway  
  15  0:40  Probe  
  16  0:52  Probe  
  17  1:04  Probe  
  17  1:09  Assimilator x2  
  18  1:17  Probe (Chrono Boost)  
  19  1:28  Probe (Chrono Boost)  
  19  1:49  Cybernetics Core  
  19  1:51  Nexus  
  19  1:57  Pylon  
  19  2:00  Probe  
  20  2:13  Probe (Chrono Boost)  
  21  2:23  Warp Gate (Chrono Boost)  
  21  2:25  Probe (Chrono Boost)  
  22  2:32  Gateway  
  22  2:37  Gateway  
  22  2:42  Probe  
  23  2:51  Stalker  
  25  2:57  Probe  
  26  3:05  Probe  
  27  3:09  Probe  
  28  3:14  Pylon  
  28  3:21  Robotics Facility  
  28  3:25  Stalker  
  30  3:28  Probe  
  30  3:30  Probe  
  32  3:40  Stalker  
  34  3:51  Probe x2, Pylon  
  36  4:05  Twilight Council  
  36  4:07  Stalker  
  36  4:08  Stalker  
  40  4:22  Probe  
  40  4:23  Probe  
  42  4:25  Stalker  
  44  4:34  Probe  
  44  4:35  Probe  
  44  4:37  Pylon, Sentry x2  
  50  4:45  Blink (Chrono Boost)  
  50  4:47  Probe x2  
  50  4:48  Pylon  
  52  4:54  Observer  
  52  4:58  Stalker  
  52  4:59  Probe x2  
  57  5:11  Probe x2  
  57  5:13  Pylon  
  59  5:20  Assimilator  
  59  5:23  Probe x2, Assimilator  
  61  5:30  Observer  
  62  5:45  Gateway  
  62  5:51  Immortal  
  62  5:55  Stalker  
  62  5:56  Stalker  
  70  5:57  Stalker  
  70  6:03  Probe  
  70  6:04  Probe  
  74  6:08  Nexus  
  74  6:10  Pylon  
  74  6:13  Pylon  
  74  6:15  Probe  
  74  6:18  Probe, Forge  
  76  6:25  Pylon  
  76  6:28  Probe  
  76  6:30  Probe  
  76  6:32  Pylon, Immortal  
  82  6:45  Shield Battery  
  82  6:47  Shield Battery  
  82  6:53  Stalker x4  
  90  6:56  Protoss Ground Weapons Level 1 (Chrono Boost)  
  90  7:11  Gateway  
  90  7:12  Gateway  
  90  7:17  Probe x2  
  90  7:20  Probe  
  93  7:22  Shield Battery  
  93  7:26  Photon Cannon  
  93  7:29  Probe x2  
  95  7:30  Photon Cannon  
  95  7:32  Probe  
  95  7:33  Photon Cannon  
  96  7:40  Photon Cannon  
  96  7:41  Probe  
  95  8:00  Stalker x4  
  95  8:04  Probe x3  
  106  8:11  Assimilator  
  106  8:14  Charge, Assimilator  
  106  8:16  Probe x2  
  108  8:25  Dark Shrine  
  108  8:28  Photon Cannon  
  108  8:34  Photon Cannon  
  108  8:42  Pylon  
  108  8:43  Gateway, Pylon  
  108  8:47  Stalker x4  
  108  8:48  Gateway x2  
  116  8:54  Immortal  
  120  9:06  Zealot x2  
  120  9:29  Protoss Ground Weapons Level 2 (Chrono Boost)  
  120  9:34  Probe x3  
  122  9:46  Probe  
  119  10:01  Stalker x5  
  119  10:02  Stalker x4  
  117  10:15  Observer  
  115  10:33  Observer  
  116  10:39  Nexus  
  116  10:41  Pylon  
  116  10:43  Pylon  
  116  10:46  Assimilator  
  116  10:49  Probe  
  118  10:50  Probe x2, Assimilator  
  118  10:55  Observer  
  120  10:59  Stalker x2  
  120  11:00  Stalker x4  
  120  11:02  Probe  
  133  11:04  Stalker  
  133  11:05  Stalker x2  
  139  11:17  Photon Cannon  
  139  11:18  Photon Cannon  
  139  11:21  Photon Cannon  
  139  11:24  Photon Cannon  
  139  11:27  Shield Battery  
  139  11:29  Shield Battery  
  105  11:53  Immortal  
  109  12:07  Zealot, Stalker x3  
  109  12:08  Zealot x4  
  121  12:09  Zealot  
  121  12:13  Probe x4  
  131  12:25  Probe  
  132  12:32  Immortal, Stalker x2  
  132  12:33  Stalker x2  
  144  12:38  Robotics Facility  
  144  12:54  Sentry x2  
  144  12:55  Sentry x2  
  144  12:56  Zealot x4  
  144  12:57  Zealot  
  162  13:00  Protoss Ground Weapons Level 3 (Chrono Boost)  
  162  13:11  Immortal  
  162  13:12  Pylon  
  166  13:14  Pylon  
  143  13:30  Pylon  
  141  13:51  Immortal  
  139  13:55  Stalker  
  139  13:56  Stalker x3  
  139  13:57  Stalker x2  
  139  14:15  Dark Templar x2  
  139  14:16  Dark Templar  
  145  14:30  Immortal  
  149  14:51  Stalker x3  
  149  14:52  Stalker x5  
  165  15:10  Pylon  
  165  15:13  Pylon  
  143  15:43  Stalker x4  
  143  15:44  Zealot x2, Stalker  
  143  15:45  Zealot x2  
  145  16:11  Stalker x2  
  145  16:12  Stalker x4  
  145  16:13  Stalker x3  
Show
View Real Time Build Order
Export as new Build Order

LawfulVr Protoss 

Build Orders: 1 Gate Expand, Chargelot Immortal 

Get SALT Encoding   

  12  0:02  Probe  
  13  0:15  Pylon  
  13  0:18  Probe  
  14  0:30  Probe  
  14  0:34  Assimilator  
  15  0:45  Probe  
  16  0:51  Gateway  
  16  0:57  Probe  
  17  1:39  Nexus  
  17  1:42  Assimilator  
  17  1:52  Cybernetics Core  
  17  1:56  Assimilator  
  17  1:59  Probe (Chrono Boost)  
  18  2:10  Zealot  
  18  2:11  Probe (Chrono Boost)  
  21  2:16  Probe (Chrono Boost)  
  21  2:19  Warp Gate (Chrono Boost)  
  22  2:26  Probe  
  23  2:35  Twilight Council  
  23  2:45  Pylon  
  24  2:51  Probe  
  24  2:57  Probe  
  25  3:02  Charge  
  25  3:03  Probe  
  26  3:09  Probe  
  27  3:15  Probe  
  28  3:21  Probe (Chrono Boost)  
  29  3:30  Forge  
  29  3:31  Probe (Chrono Boost)  
  29  3:33  Probe (Chrono Boost)  
  33  3:41  Probe (Chrono Boost)  
  33  3:42  Probe (Chrono Boost)  
  33  4:01  Protoss Ground Weapons Level 1 (Chrono Boost)  
  33  4:06  Robotics Facility  
  33  4:07  Robotics Facility  
  33  4:22  Probe x2  
  33  4:23  Pylon  
  35  4:25  Pylon  
  35  4:28  Pylon  
  35  4:31  Pylon  
  35  4:32  Pylon  
  35  4:34  Probe  
  35  4:36  Probe, Pylon  
  35  4:38  Pylon  
  37  4:46  Probe  
  37  4:49  Zealot  
  40  4:58  Gateway  
  40  4:59  Gateway  
  40  5:01  Gateway  
  40  5:21  Nexus  
  40  5:28  Blink  
  40  5:30  Zealot  
  40  5:34  Probe x2  
  44  5:40  Assimilator  
  44  5:46  Probe x2  
  46  5:54  Zealot x3  
  46  5:55  Zealot  
  52  5:58  Probe  
  52  5:59  Probe  
  52  6:03  Protoss Shields Level 1  
  54  6:14  Probe  
  54  6:15  Probe  
  54  6:16  Pylon  
  56  6:19  Pylon  
  56  6:21  Pylon  
  56  6:25  Pylon  
  56  6:26  Probe  
  56  6:27  Probe  
  56  6:29  Stalker  
  60  6:38  Probe  
  60  6:39  Probe  
  62  6:41  Stalker  
  62  6:42  Stalker x2  
  68  6:50  Probe  
  68  6:51  Probe, Assimilator  
  70  6:57  Assimilator  
  70  7:02  Probe, Stalker  
  70  7:03  Probe  
  70  7:08  Gateway  
  74  7:09  Gateway  
  74  7:13  Gateway  
  74  7:17  Stalker  
  74  7:19  Zealot  
  74  7:21  Zealot  
  80  7:38  Immortal x2  
  78  8:03  Zealot x6  
  90  8:06  Probe  
  90  8:07  Probe x2  
  90  8:11  Protoss Ground Weapons Level 2  
  93  8:18  Probe  
  93  8:19  Probe x2  
  96  8:22  Dark Shrine  
  96  8:27  Stalker x3  
  96  8:31  Probe x3  
  105  8:36  Sentry x4  
  113  8:43  Probe x3  
  116  8:55  Probe  
  117  9:00  Warp Prism  
  120  9:03  Observer  
  106  9:24  Zealot x3  
  106  9:25  Zealot x4  
  112  9:40  Immortal x2  
  120  9:51  Dark Templar x2  
  120  9:52  Dark Templar x3  
  106  10:09  Zealot x2  
  94  10:19  Immortal x2  
  94  10:32  Stalker x3  
  94  10:33  Stalker x4  
  106  10:45  Protoss Ground Armor Level 1  
  106  10:57  Nexus  
  106  10:58  Immortal  
  106  11:00  Pylon  
  106  11:02  Dark Templar  
  106  11:03  Pylon, Dark Templar x6  
  106  11:04  Pylon, Assimilator  
  124  11:07  Assimilator  
  124  11:11  Pylon  
  98  11:52  Stalker x3  
  98  11:53  Stalker x4  
  112  12:19  Probe x4  
  112  12:22  Dark Templar x2  
  118  12:23  Dark Templar x5  
  130  12:31  Probe x4  
  134  12:43  Probe x4  
  138  12:53  Protoss Shields Level 2  
  138  12:55  Probe x4  
  142  13:07  Probe x2  
  142  13:08  Probe x2  
  136  13:38  Stalker x3  
  136  13:39  Stalker x4  
  110  14:02  Stalker  
  110  14:03  Stalker x5  
  110  14:04  Stalker  
  116  14:47  Stalker x6  
  116  14:48  Stalker  
  128  14:53  Immortal  
  128  14:54  Immortal  
  136  15:25  Nexus  
  136  15:27  Pylon  
  136  15:28  Pylon  
  136  15:29  Assimilator  
  136  15:30  Pylon  
  136  15:31  Nexus, Unknown  
  136  15:33  Pylon x2, Immortal x2  
  136  15:34  Pylon, Assimilator  
  136  15:35  Pylon  
  132  15:36  Pylon  
  132  15:38  Stalker  
  132  15:39  Pylon, Stalker x6  
  110  16:03  Stalker  
  110  16:04  Stalker x3  
  104  16:05  Stalker  
Tags
 
League
Gold
Matchup
PvP
Replay Pack
20200422
Spawn Locations
Cross Positions
Add a new tag
Caveats
  • Supply blocks, unpowered buildings, or Contaminate may cause inaccurate times.
  • Supply counts are checked every 10 seconds.